PA
COLUMBIA RIVER RATS @ SOUTH BEACH BLAZE
08/29/2027
 
TOP OF THE 1ST
Columbia River Rats batting - Pitching for South Beach Blaze : LHP Rob Ford
Pitching: LHP Rob Ford
Batting: RHB Víctor Hernández 0-0: Ball
1-0: Called Strike
1-1: Ball
2-1: Swinging Strike
2-2: Strikes out swinging
Batting: RHB Mario Jacome 0-0: Fly out, F8 (Flyball, 8LS)
Batting: RHB Michael Walters 0-0: Ball
1-0: Called Strike
1-1: Ball
2-1: Swinging Strike
2-2: Ball
3-2: Base on Balls
Batting: RHB Marcos Rico 0-0: Called Strike
0-1: Ball
1-1: Swinging Strike
1-2: Strikes out swinging
Top of the 1st over - 0 run(s), 0 hit(s), 0 error(s), 1 left on base; Columbia 0 - South Beach 0
BOTTOM OF THE 1ST
South Beach Blaze batting - Pitching for Columbia River Rats : RHP José Pueblo
Pitching: RHP José Pueblo
Batting: RHB Greg Schiff 0-0: Ground out 6-3 (Groundball, 6)
Batting: RHB Martinus Xhaka 0-0: Foul Ball, location: 2F
0-1: Ball
1-1: Foul Ball, location: 2F
1-2: Fly out, F4 (Popup, 4D)
Batting: RHB Bastiaan Trommel 0-0: Ground out 4-3 (Groundball, 4)
Bottom of the 1st over - 0 run(s), 0 hit(s), 0 error(s), 0 left on base; Columbia 0 - South Beach 0
TOP OF THE 2ND
Columbia River Rats batting - Pitching for South Beach Blaze : LHP Rob Ford
Batting: RHB Dan Parkinson 0-0: Ball
1-0: Ball
2-0: Ball
3-0: Called Strike
3-1: Base on Balls
Batting: RHB Richard Blackburn 0-0: Ball
1-0: Fly out, F7 (Line Drive, 78D)
Batting: RHB Don Leach 0-0: Called Strike
0-1: Ball
1-1: Ball
2-1: Ball
3-1: Fly out, F8 (Flyball, 8LM)
Batting: RHB Fernando Arévalo 0-0: Ball
1-0: Ball
2-0: Foul Ball, location: 2F
2-1: Foul Ball, location: 2F
2-2: Foul Ball, location: 2F
2-2: Ball
3-2: Strikes out swinging
Top of the 2nd over - 0 run(s), 0 hit(s), 0 error(s), 1 left on base; Columbia 0 - South Beach 0
BOTTOM OF THE 2ND
South Beach Blaze batting - Pitching for Columbia River Rats : RHP José Pueblo
Batting: LHB Ramiro Ramos 0-0: Ball
1-0: Swinging Strike
1-1: Ball
2-1: Ball
3-1: Base on Balls
Batting: RHB António Ramírez 0-0: Fielders Choice at 2nd, 6-4 (Groundball, 6)
Batting: RHB Shizuo Heiwajaima 0-0: Fly out, F8 (Flyball, 8RD)
Batting: RHB Omer Yurtseven 0-0: Ball
1-0: Called Strike
António Ramírez is caught stealing 2nd base
Bottom of the 2nd over - 0 run(s), 0 hit(s), 0 error(s), 0 left on base; Columbia 0 - South Beach 0
TOP OF THE 3RD
Columbia River Rats batting - Pitching for South Beach Blaze : LHP Rob Ford
Batting: RHB Miguel Delgado 0-0: Swinging Strike
0-1: Ball
1-1: Foul Ball, location: 2F
1-2: Strikes out looking
Batting: RHB Víctor Hernández 0-0: Fly out, F6 (Popup, 56D)
Batting: RHB Mario Jacome 0-0: Called Strike
0-1: Ball
1-1: Ground out 6-3 (Groundball, 6MS)
Top of the 3rd over - 0 run(s), 0 hit(s), 0 error(s), 0 left on base; Columbia 0 - South Beach 0
BOTTOM OF THE 3RD
South Beach Blaze batting - Pitching for Columbia River Rats : RHP José Pueblo
Batting: RHB Omer Yurtseven 0-0: Ball
1-0: Ball
2-0: Ball
3-0: Base on Balls
Batting: LHB Raymond Graham 0-0: Ball
1-0: Called Strike
1-1: SINGLE (Groundball, 4MD)
Omer Yurtseven to second
Batting: LHB Marcel Escoda 0-0: Called Strike
0-1: Ball
1-1: Swinging Strike
1-2: Strikes out swinging
Batting: RHB Greg Schiff 0-0: Ball
1-0: Called Strike
1-1: Grounds into double play, 5-4-3 (Groundball, 56)
Bottom of the 3rd over - 0 run(s), 1 hit(s), 0 error(s), 1 left on base; Columbia 0 - South Beach 0
TOP OF THE 4TH
Columbia River Rats batting - Pitching for South Beach Blaze : LHP Rob Ford
Batting: RHB Michael Walters 0-0: Ball
1-0: Ball
2-0: Ball
3-0: Called Strike
3-1: Called Strike
3-2: Strikes out swinging
Batting: RHB Marcos Rico 0-0: Ball
1-0: Called Strike
1-1: Foul Ball, location: 2F
1-2: Foul Ball, location: 2F
1-2: Fly out, F9 (Flyball, 9S)
Batting: RHB Dan Parkinson 0-0: Called Strike
0-1: Ball
1-1: Fly out, F5 (Line Drive, 5)
Top of the 4th over - 0 run(s), 0 hit(s), 0 error(s), 0 left on base; Columbia 0 - South Beach 0
BOTTOM OF THE 4TH
South Beach Blaze batting - Pitching for Columbia River Rats : RHP José Pueblo
Batting: RHB Martinus Xhaka 0-0: Ball
1-0: Foul Ball, location: 2F
1-1: Swinging Strike
1-2: Ball
2-2: Ground out 6-3 (Groundball, 6)
Batting: RHB Bastiaan Trommel 0-0: Ball
1-0: Foul Ball, location: 2F
1-1: Ground out 3-1 (Groundball, 34)
Batting: LHB Ramiro Ramos 0-0: Called Strike
0-1: Ball
1-1: Foul Ball, location: 2F
1-2: Fly out, F7 (Flyball, 78S)
Bottom of the 4th over - 0 run(s), 0 hit(s), 0 error(s), 0 left on base; Columbia 0 - South Beach 0
TOP OF THE 5TH
Columbia River Rats batting - Pitching for South Beach Blaze : LHP Rob Ford
Batting: RHB Richard Blackburn 0-0: Swinging Strike
0-1: Swinging Strike
0-2: Strikes out looking
Batting: RHB Don Leach 0-0: Ground out 4-3 (Groundball, 4)
Batting: RHB Fernando Arévalo 0-0: Foul Ball, location: 2F
0-1: Ground out 1-3 (Groundball, 13)
Top of the 5th over - 0 run(s), 0 hit(s), 0 error(s), 0 left on base; Columbia 0 - South Beach 0
BOTTOM OF THE 5TH
South Beach Blaze batting - Pitching for Columbia River Rats : RHP José Pueblo
Batting: RHB António Ramírez 0-0: Fly out, F8 (Flyball, 8LXD)
Batting: RHB Shizuo Heiwajaima 0-0: Foul Ball, location: 2F
0-1: Ball
1-1: Foul Ball, location: 2F
1-2: Ball
2-2: Ball
3-2: Foul Ball, location: 2F
3-2: Foul Ball, location: 2F
3-2: Base on Balls
Batting: RHB Omer Yurtseven 0-0: Ball
1-0: Ground out 6-3 (Groundball, 6S)
Shizuo Heiwajaima to second
Batting: LHB Raymond Graham 0-0: Ball
1-0: SINGLE (Line Drive, 7S)
Shizuo Heiwajaima to third
Runner from 3rd tries for Home, SAFE, no throw
Batting: LHB Marcel Escoda 0-0: Foul Ball, location: 2F
0-1: Swinging Strike
0-2: Strikes out swinging
Bottom of the 5th over - 1 run(s), 1 hit(s), 0 error(s), 1 left on base; Columbia 0 - South Beach 1
TOP OF THE 6TH
Columbia River Rats batting - Pitching for South Beach Blaze : LHP Rob Ford
Batting: RHB Miguel Delgado 0-0: SINGLE (Line Drive, 89S)
Batting: RHB Víctor Hernández 0-0: Ball
1-0: Bunt missed!
1-1: Sac Bunt - play at first, batter OUT! 1-4
Miguel Delgado to second
Batting: RHB Mario Jacome 0-0: Foul Ball, location: 2F
0-1: Ball
1-1: Fly out, F9 (Flyball, 9LS)
Batting: RHB Michael Walters 0-0: Called Strike
0-1: Ball
1-1: Swinging Strike
1-2: Ball
2-2: Strikes out looking and he physically ARGUES THE CALL AND IS TOSSED!
Top of the 6th over - 0 run(s), 1 hit(s), 0 error(s), 1 left on base; Columbia 0 - South Beach 1
BOTTOM OF THE 6TH
South Beach Blaze batting - Pitching for Columbia River Rats : RHP José Pueblo
Now at C: Enrique Correa
Batting: RHB Greg Schiff 0-0: Ball
1-0: Foul Ball, location: 2F
1-1: Ball
2-1: Foul Ball, location: 2F
2-2: SINGLE (Flyball, 7LM)
Batting: RHB Martinus Xhaka 0-0: DOUBLE (Line Drive, 8RXD)
Greg Schiff to third
Batting: RHB Bastiaan Trommel 0-0: Ground out 3-1 (Groundball, 2R)
Greg Schiff scores
Martinus Xhaka to third
Batting: LHB Ramiro Ramos 0-0: Intentional Walk
Batting: RHB António Ramírez 0-0: Ball
1-0: Ball
2-0: 3-RUN HOME RUN (Flyball, 7D), Distance : 421 ft
Batting: RHB Shizuo Heiwajaima 0-0: Ball
1-0: Swinging Strike
1-1: Ball
2-1: Called Strike
2-2: Foul Ball, location: 2F
2-2: Ball
3-2: Foul Ball, location: 2F
3-2: Fly out, F6 (Line Drive, 6M)
Batting: RHB Omer Yurtseven 0-0: Foul Ball, location: 2F
0-1: Ball
1-1: Foul Ball, location: 2F
1-2: Foul Ball, location: 2F
1-2: Foul Ball, location: 2F
1-2: Foul Ball, location: 2F
1-2: Ball
2-2: Fly out, F8 (Flyball, 8RM)
Bottom of the 6th over - 4 run(s), 3 hit(s), 0 error(s), 0 left on base; Columbia 0 - South Beach 5
TOP OF THE 7TH
Columbia River Rats batting - Pitching for South Beach Blaze : LHP Rob Ford
Batting: RHB Marcos Rico 0-0: Foul Ball, location: 2F
0-1: Swinging Strike
0-2: Foul Ball, location: 2F
0-2: Foul Ball, location: 2F
0-2: Ball
1-2: Foul Ball, location: 2F
1-2: Ball
2-2: Ball
3-2: Base on Balls
Batting: RHB Dan Parkinson 0-0: Ball
1-0: Called Strike
1-1: Ball
2-1: SINGLE (Flyball, 89S)
Marcos Rico to second
Runner from 2nd tries for 3rd, SAFE, throw made to third
Batting: RHB Richard Blackburn 0-0: Swinging Strike
0-1: Ball
1-1: Ball
2-1: Ball
3-1: Base on Balls
Dan Parkinson to second
Batting: RHB Don Leach 0-0: Called Strike
0-1: Ball
1-1: Ball
2-1: DOUBLE (Line Drive, 7LM)
Marcos Rico scores
Dan Parkinson scores
Richard Blackburn to third
Batting: RHB Fernando Arévalo 0-0: Ball
1-0: Swinging Strike
1-1: Ball
2-1: Swinging Strike
2-2: Ball
3-2: Foul Ball, location: 2F
3-2: Foul Ball, location: 2F
3-2: Base on Balls
Batting: RHB Miguel Delgado 0-0: Swinging Strike
0-1: Foul Ball, location: 2F
0-2: Foul Ball, location: 2F
0-2: SINGLE (Line Drive, 9LM)
Richard Blackburn scores
Don Leach to third
Fernando Arévalo to second
Pinch Hitting: RHB Rich Flannery 0-0: Ball
1-0: Ball
2-0: Fly out, F8 (Flyball, 8RS)
Batting: RHB Mario Jacome 0-0: Ball
1-0: Called Strike
1-1: Foul Ball, location: 2F
1-2: Fly out, F8 (Flyball, 8RM)
Runner from 3rd tags up, SCORES, throw made
Pitching: RHP José Sauls
Batting: RHB Enrique Correa 0-0: Called Strike
0-1: Called Strike
0-2: SINGLE (Line Drive, 89S)
Fernando Arévalo to third
Miguel Delgado to second
Runner from 3rd tries for Home, SAFE, no throw
Batting: RHB Marcos Rico 0-0: Called Strike
0-1: Ball
1-1: Ball
2-1: Fielders Choice at 2nd, 6-4 (Groundball, 6)
Top of the 7th over - 5 run(s), 4 hit(s), 0 error(s), 1 left on base; Columbia 5 - South Beach 5
BOTTOM OF THE 7TH
South Beach Blaze batting - Pitching for Columbia River Rats : RHP José Pueblo
Now at SS: Gil Simmons
Batting: LHB Raymond Graham 0-0: Ball
1-0: Foul Ball, location: 2F
1-1: Ball
2-1: Swinging Strike
2-2: Strikes out swinging
Pinch Hitting: LHB Da-Quan Hawkins-Muckle 0-0: Called Strike
0-1: Called Strike
0-2: Foul Ball, location: 2F
0-2: Ball
1-2: Strikes out swinging
Pinch Hitting: LHB Don Nordahl 0-0: Called Strike
0-1: Ground out 6-3 (Groundball, 6MD)
Bottom of the 7th over - 0 run(s), 0 hit(s), 0 error(s), 0 left on base; Columbia 5 - South Beach 5
TOP OF THE 8TH
Columbia River Rats batting - Pitching for South Beach Blaze : RHP José Sauls
Now at 2B: Jim Unknown
Now in RF: Don Nordahl
Batting: RHB Dan Parkinson 0-0: Ball
1-0: TRIPLE (Flyball, 89D)
Pinch Hitting: RHB José Valéncia 0-0: Intentional Walk
Batting: RHB Don Leach 0-0: Called Strike
0-1: Ball
1-1: Called Strike
1-2: Ball
2-2: Strikes out swinging
Pinch Hitting: RHB Ken Barrett 0-0: Called Strike
0-1: Fielders Choice at 2nd, 6-4 (Groundball, 6)
Dan Parkinson scores
Batting: RHB Miguel Delgado 0-0: Fly out, F9 (Flyball, 9LM)
Top of the 8th over - 1 run(s), 1 hit(s), 0 error(s), 1 left on base; Columbia 6 - South Beach 5
BOTTOM OF THE 8TH
South Beach Blaze batting - Pitching for Columbia River Rats : RHP José Pueblo
Now at 3B: Robert Hillier
Now in LF: Ken Barrett
Batting: RHB Martinus Xhaka 0-0: Swinging Strike
0-1: Called Strike
0-2: Ball
1-2: DOUBLE (Line Drive, 7LM)
Pitching: LHP José Fuentes
Batting: RHB Bastiaan Trommel 0-0: Ball
1-0: Called Strike
1-1: Foul Ball, location: 2F
1-2: Ground out 5-3 (Groundball, 56S)
Martinus Xhaka to third
Batting: LHB Ramiro Ramos 0-0: Called Strike
0-1: Ball
1-1: Ball
2-1: Ball
3-1: Foul Ball, location: 2F
3-2: Base on Balls
Batting: RHB António Ramírez 0-0: Ball
1-0: SINGLE (Line Drive, 4D)
Martinus Xhaka scores
Ramiro Ramos to second
Runner from 2nd tries for 3rd, SAFE, throw made to third
António Ramírez to second
Batting: RHB Shizuo Heiwajaima 0-0: Ball
1-0: Ball
2-0: Swinging Strike
2-1: Ball
3-1: Called Strike
3-2: Foul Ball, location: 2F
3-2: Strikes out looking
Batting: RHB Omer Yurtseven 0-0: Called Strike
0-1: Ball
1-1: Ball
2-1: Foul Ball, location: 2F
2-2: Foul Ball, location: 2F
2-2: Strikes out swinging
Bottom of the 8th over - 1 run(s), 2 hit(s), 0 error(s), 2 left on base; Columbia 6 - South Beach 6
TOP OF THE 9TH
Columbia River Rats batting - Pitching for South Beach Blaze : RHP José Sauls
Pitching: LHP Shun'ichi Tanaka
Pinch Hitting: RHB Asko Riikonen 0-0: Foul Ball, location: 2F
0-1: Ball
1-1: Swinging Strike
1-2: Ball
2-2: Ball
3-2: Strikes out swinging
Batting: RHB Mario Jacome 0-0: Swinging Strike
0-1: Foul Ball, location: 2F
0-2: Strikes out swinging
Batting: RHB Enrique Correa 0-0: Ball
1-0: Ball
2-0: Foul Ball, location: 2F
2-1: Ball
3-1: Base on Balls
Batting: RHB Marcos Rico 0-0: Ball
1-0: Called Strike
1-1: Ball
2-1: Ball
3-1: Base on Balls
Enrique Correa to second
Batting: RHB Dan Parkinson 0-0: Ball
1-0: Foul Ball, location: 2F
1-1: Ball
2-1: Foul Ball, location: 2F
2-2: Foul Ball, location: 2F
2-2: Strikes out looking
Top of the 9th over - 0 run(s), 0 hit(s), 0 error(s), 2 left on base; Columbia 6 - South Beach 6
BOTTOM OF THE 9TH
South Beach Blaze batting - Pitching for Columbia River Rats : LHP José Fuentes
Now at SS: José Segura
Pinch Hitting: RHB Raúl Chávez 0-0: Ball
1-0: Called Strike
1-1: Called Strike
1-2: DOUBLE (Line Drive, 9LM)
Batting: RHB Jim Unknown 0-0: Called Strike
0-1: Called Strike
Raúl Chávez is caught stealing 3rd base
0-2: Ball
1-2: Ball
2-2: Foul Ball, location: 2F
2-2: Foul Ball, location: 2F
2-2: Ball
3-2: Foul Ball, location: 2F
3-2: Ground out U3 (Groundball, 3)
Pinch Hitting: RHB Héctor Escalante 0-0: Foul Ball, location: 2F
0-1: Called Strike
0-2: Strikes out swinging
Bottom of the 9th over - 0 run(s), 1 hit(s), 0 error(s), 0 left on base; Columbia 6 - South Beach 6
TOP OF THE 10TH
Columbia River Rats batting - Pitching for South Beach Blaze : LHP Shun'ichi Tanaka
Now at 1B: Stanley van de Ven
Now in CF: Raúl Chávez
Batting: SHB Robert Hillier 0-0: Foul Ball, location: 2F
0-1: Ball
1-1: Foul Ball, location: 2F
1-2: Strikes out swinging
Batting: RHB Don Leach 0-0: Swinging Strike
0-1: Ball
1-1: Foul Ball, location: 2F
1-2: Strikes out swinging
Batting: RHB Ken Barrett 0-0: Ball
1-0: Foul Ball, location: 2F
1-1: Foul Ball, location: 2F
1-2: SINGLE (Flyball, 78S) - OUT at second base trying to stretch hit.
Top of the 10th over - 0 run(s), 1 hit(s), 0 error(s), 0 left on base; Columbia 6 - South Beach 6
BOTTOM OF THE 10TH
South Beach Blaze batting - Pitching for Columbia River Rats : LHP José Fuentes
Pitching: LHP Jim Unknown
Batting: RHB Martinus Xhaka 0-0: Called Strike
0-1: Ball
1-1: Fly out, F9 (Flyball, 89S)
Batting: RHB Bastiaan Trommel 0-0: Swinging Strike
0-1: Ball
1-1: Swinging Strike
1-2: Strikes out looking
Batting: LHB Ramiro Ramos 0-0: Ball
1-0: Foul Ball, location: 2F
1-1: Foul Ball, location: 2F
1-2: Foul Ball, location: 2F
1-2: Strikes out swinging
Bottom of the 10th over - 0 run(s), 0 hit(s), 0 error(s), 0 left on base; Columbia 6 - South Beach 6
TOP OF THE 11TH
Columbia River Rats batting - Pitching for South Beach Blaze : LHP Shun'ichi Tanaka
Batting: RHB Miguel Delgado 0-0: SINGLE (Groundball, 56D)
Pinch Runner at 1st Yves Girard:
Pinch Hitting: RHB Warren Sumner 0-0: Ball
1-0: Sac Bunt - play at first, batter OUT! 3-4
Yves Girard to second
Batting: RHB Mario Jacome 0-0: Intentional Walk
Batting: RHB Enrique Correa 0-0: Called Strike
0-1: DOUBLE (Groundball, 3L)
Yves Girard scores
Mario Jacome to third
Batting: RHB Marcos Rico 0-0: Ball
1-0: Called Strike
1-1: Called Strike
1-2: Strikes out swinging
Batting: RHB Dan Parkinson 0-0: Ball
1-0: Ball
2-0: Ball
3-0: Called Strike
3-1: Called Strike
3-2: Foul Ball, location: 2F
3-2: Strikes out looking
Top of the 11th over - 1 run(s), 2 hit(s), 0 error(s), 2 left on base; Columbia 7 - South Beach 6
BOTTOM OF THE 11TH
South Beach Blaze batting - Pitching for Columbia River Rats : LHP Jim Unknown
Now at SS: Warren Sumner
Batting: RHB António Ramírez 0-0: Ball
1-0: Ground out 6-3 (Groundball, 6)
Batting: RHB Shizuo Heiwajaima 0-0: Ground out 6-3 (Groundball, 56)
Batting: RHB Omer Yurtseven 0-0: Called Strike
0-1: Fly out, F6 (Line Drive, 6)
Bottom of the 11th over - 0 run(s), 0 hit(s), 0 error(s), 0 left on base; Columbia 7 - South Beach 6
Saturday, May 26th, 2018 - OOTP Baseball 17.12 Build 75